 Dungeon Crawl Stone Soup version 0.27.0-1-g7a089689b8 (webtiles) character file.

Game seed: 7643431798551463277

25 Crazydiamond the Ruffian (level 3, 0/31 HPs)
             Began as a Naga Transmuter on Aug 16, 2021.
             Slain by an adder (1 damage)
             ... on level 1 of the Dungeon.
             The game lasted 00:02:10 (942 turns).

Crazydiamond the Ruffian (Naga Transmuter)           Turns: 942, Time: 00:02:11

Health: 0/31       AC:  2    Str: 12    XL:     3   Next: 4%
Magic:  0/6        EV: 10    Int: 14    God:
Gold:   33         SH:  0    Dex: 11    Spells: 5/6 levels left

rFire    . . .     SeeInvis +     - Unarmed
rCold    . . .     Faith    .   (no shield)
rNeg     . . .     Spirit   +   a - +0 robe
rPois    +         Reflect  .   (no helmet)
rElec    .         Harm     .   (no cloak)
rCorr    .         Rampage  .   (no gloves)
Will     .....                  (no barding)
Stlth    +.........             d - amulet of guardian spirit
HPRegen  0.10/turn              (no ring)
MPRegen  0.10/turn              (no ring)

@: very slow
A: AC +1, large, see invisible, deformed body, poison resistance, slowness 2,
spit poison 1, naga tail 1
a: Spit Poison


You were on level 1 of the Dungeon.
You visited 1 branch of the dungeon, and saw 2 of its levels.

You collected 33 gold pieces.

Inventory:

Armour
 a - a +0 robe (worn)
Jewellery
 d - an amulet of guardian spirit (around neck)
Scrolls
 b - a scroll of enchant weapon {unknown}
 e - a scroll of teleportation {unknown}
Potions
 c - a potion of degeneration {unknown}


   Skills:
 + Level 1.0 Fighting
 + Level 1.8 Dodging
 + Level 3.4 Unarmed Combat
 + Level 2.3 Spellcasting
 + Level 2.2 Transmutations


You had 5 spell levels left.
You knew the following spells:

 Your Spells              Type           Power      Damage    Failure   Level
a - Beastly Appendage     Tmut           16%        N/A       9%          1

Your spell library contained the following spells:

 Spells                   Type           Power      Damage    Failure   Level
 Wereblood                Tmut           8%         N/A       14%         2
 Spider Form              Tmut/Pois      2%         N/A       41%         3
 Ice Form                 Ice/Tmut       4%         N/A       82%         4


Dungeon Overview and Level Annotations

Branches:
Dungeon (2/15)

Altars:


Innate Abilities, Weirdness & Mutations

Your serpentine skin is tough. (AC +1)
You have supernaturally acute eyesight. (SInv)
Armour fits poorly on your strangely shaped body.
Your system is resistant to poisons. (rPois)
You cover ground very slowly.
You can spit poison.
You have a snake-like lower body.


Message History

You closely miss the adder. Your headbutt misses the adder.
The adder is heavily wounded.
The bat misses you. The adder bites you.
A gnoll comes into view. It is wielding a +0 spear.
You miss the adder.
The adder is heavily wounded.
The bat hits you but does no damage. The adder barely misses you.
A gnoll comes into view. It is wielding a +1 vorpal flail.
The gnoll shouts! x2
You hit the adder.
The adder is almost dead.
The bat hits you but does no damage. The bat barely misses you.
The adder closely misses you. The adder bites you.
You barely miss the adder.
The adder is almost dead.
Your horns disappear.
The bat closely misses you. The adder barely misses you.
You closely miss the adder.
The adder is almost dead.
The bat hits you but does no damage. The adder closely misses you.
You closely miss the adder.
The adder is almost dead.
The bat barely misses you. The adder bites you. The gnoll closely misses you.
The bat barely misses you. The adder bites you. The adder barely misses you.
The gnoll hits you with a +0 flail!
* * * LOW HITPOINT WARNING * * *
You see here 7 gold pieces.
The bat closely misses you. The adder bites you. The bat hits you.
* * * LOW HITPOINT WARNING * * *
The bat closely misses you. The bat barely misses you. The adder bites you.
* * * LOW HITPOINT WARNING * * *
The bat closely misses you. The adder barely misses you.
There is a stone staircase leading up here.
The bat closely misses you. The adder bites you.
* * * LOW HITPOINT WARNING * * *
You climb upwards.
There is a stone staircase leading down here.
The adder bites you.
You die...

..# ..# ..# ### #######
#.....# #.....# ######
#####.....##### #....#
...##..รท......###....#####
..............'.@S.......#
########......###g...###.#
#......# #....# #.#
######## ###### #.# #######
#.# ......# #.# ......# #.#
......## #.# .......# #.#


You could see a gnoll and an adder.

Vanquished Creatures
  2 dart slugs (D:1)
  4 endoplasms (D:1)
  2 giant cockroaches (D:1)
  A goblin (D:1)
  A hobgoblin (D:1)
  A quokka (D:1)
  3 ball pythons (D:1)
  2 bats (D:1)
  A frilled lizard (D:1)
  3 rats (D:1)
20 creatures vanquished.

Notes
Turn   | Place    | Note
-------+----------+-------------------------------------------
     0 | D:1      | Crazydiamond the Naga Transmuter began the quest for the
                  | Orb.
     0 | D:1      | Reached XP level 1. HP: 18/18 MP: 3/3
   209 | D:1      | Reached XP level 2. HP: 24/25 MP: 1/5
   830 | D:1      | Reached XP level 3. HP: 29/31 MP: 4/6
   940 | D:2      | HP: 1/31 [adder (1)]
   942 | D:1      | Slain by an adder

Illustrated notes

Levels and vault maps discovered:
D:1:      dpeg_arrival_tiny_j, layout_basic
D:2:      layout_rooms, basic_altar, hellmonk_ecumenical_altar_lost_god,
          uniq_natasha

Action                   || total
-------------------------++-------
Melee: Unarmed           ||    68
       Punch             ||     5
       Headbutt          ||     4
 Cast: Beastly Appendage ||    17
Armor: Robe              ||    11
Dodge: Dodged            ||    57
